 Dungeon Crawl Stone Soup version 0.27.1 (webtiles) character file.

Game seed: 18164700540038621583

102 ABBCCCDDDD the Insei (level 4, -5/36 HPs)
             Began as an Octopode Chaos Knight on Sept 1, 2021.
             Was a Plaything of Xom.
             Slain by a gnoll (7 damage)
             ... on level 2 of the Dungeon.
             The game lasted 00:02:11 (2188 turns).

ABBCCCDDDD the Insei (Octopode Chaos Knight)        Turns: 2188, Time: 00:02:11

Health: -5/36      AC:  1    Str: 11    XL:     4   Next: 78%
Magic:  5/5        EV:  7    Int: 15    God:    Xom [...*..]
Gold:   1084       SH:  0    Dex: 11    Spells: 1/5 levels left

rFire    . . .     SeeInvis .     - Unarmed
rCold    . . .     Faith    .   (no shield)
rNeg     . . .     Spirit   .   (helmet restricted)
rPois    .         Reflect  .   (no amulet)
rElec    .         Harm     .   (no ring)
rCorr    .         Rampage  .   (no ring)
Will     .....                  (no ring)
Stlth    ++........             (no ring)
HPRegen  0.12/turn              (no ring)
MPRegen  0.09/turn              (no ring)
                                (no ring)
                                (no ring)

@: very slightly contaminated, held, invisible
A: almost no armour, amphibious, 8 rings, camouflage 1, gelatinous body 1,
(nimble swimmer 1), tentacles, robust 1
a: Renounce Religion


You were on level 2 of the Dungeon.
You worshipped Xom.
You were a favourite toy of Xom.
You visited 1 branch of the dungeon, and saw 2 of its levels.

You collected 1084 gold pieces.

Inventory:

Scrolls
 b - a scroll of fog {unknown}
 d - a scroll of teleportation {unknown}
 e - 4 scrolls of identify {unknown}
Potions
 c - a potion of curing {unknown}
 f - a potion of ambrosia {unknown}


   Skills:
 + Level 3.8 Fighting
 - Level 3.0 Dodging
 + Level 3.9 Unarmed Combat
 - Level 1.0 Spellcasting
 + Level 0.3 Transmutations
 + Level 0.3 Earth Magic


You had one spell level left.
You knew the following spells:

 Your Spells              Type           Power      Damage    Failure   Level
a - Petrify               Tmut/Erth      1%         N/A       91%         4

Your spell library contained the following spells:

 Spells                   Type           Power      Damage    Failure   Level
 Sublimation of Blood     Necr           0%         N/A       36%         2
 Irradiate                Conj/Tmut      0%         3d14      99%         5


Dungeon Overview and Level Annotations

Branches:
Dungeon (2/15)

Altars:


Innate Abilities, Weirdness & Mutations

You cannot wear most types of armour.
You are amphibious.
You can wear up to eight rings at the same time.
Your skin changes colour to match your surroundings (Stealth+).
Your rubbery body absorbs attacks. (AC +1, EV +1)
((You are camouflaged near water. (Stealth+)))
You have tentacles for arms and can constrict up to eight enemies at once.
You are robust. (+10% HP)


Message History

You tentacle-slap the gnoll but do no damage.
You grab the gnoll. You constrict the gnoll. The gnoll hits you with a +0 club.
You tentacle-slap the gnoll.
The gnoll is lightly wounded.
You constrict the gnoll. The gnoll hits you with a +0 club.
You tentacle-slap the gnoll. You squeeze the gnoll!
You kill the gnoll!
Training target 1.0 for Spellcasting reached!
Your Spellcasting skill increases to level 1!
You tentacle-slap the gnoll. Your grab misses the gnoll.
The gnoll is moderately wounded.
The gnoll hits you with a +0 flail.
You are too injured to fight recklessly!
You are too injured to fight recklessly!
You tentacle-slap the gnoll but do no damage.
You grab the gnoll.
The gnoll is moderately wounded.
You constrict the gnoll, but do no damage.
The gnoll closely misses you.
You completely miss the gnoll.
The gnoll is moderately wounded.
You constrict the gnoll. The gnoll hits you with a +0 flail.
You tentacle-slap the gnoll.
You squeeze the gnoll, but do no damage.
The gnoll is heavily wounded.
You constrict the gnoll. The gnoll hits you with a +0 flail!
* * * LOW HITPOINT WARNING * * *
You release your grip on the gnoll.
You see here a +0 chain mail.
The gnoll throws a throwing net.
The throwing net hits you.
You become entangled in the net!
You see here a throwing net.
You struggle against the net.
It was a potion of invisibility.
You fade into invisibility!
Xom thinks this is hilarious!
The gnoll barely misses you.
You are very lightly contaminated with residual magic.
You tear a large gash into the net.
The gnoll hits you with a +0 flail!
You die...

## ##...<.. .#
#..##.#
.##############.#...
................#.#
.###############..#
.# #.## .###########
#.# ...#.(.....##
#.# ...........P#
#@# ............##
#g# ..........PP.#
#)# ......<..PP..#
#)# ...........#.#
#.# .............#
#.# ...........###
#.# ..........## #.#
...#......# #.#


You could see a gnoll.

Levels and vault maps discovered:
D:1:      dpeg_arrival_simpleton_c, layout_loops_ring
D:2:      minmay_wonky_spiral, layout_rooms, serial_undead, serial_undead_b,
          serial_undead_e, serial_undead_f, serial_undead_f, serial_undead_e,
          serial_undead_f, serial_undead_a, shapermc_ecumenical_altar_hornbeckon

Notes
Turn   | Place    | Note
-------+----------+-------------------------------------------
     0 | D:1      | ABBCCCDDDD the Octopode Chaos Knight began the quest for
                  | the Orb.
     0 | D:1      | Reached XP level 1. HP: 16/16 MP: 1/1
   321 | D:1      | XOM: divination: detect items
   330 | D:1      | XOM: butterfly on damage
   497 | D:1      | Reached XP level 2. HP: 20/21 MP: 2/2
   529 | D:1      | XOM: silly message
   942 | D:1      | Reached XP level 3. HP: 26/26 MP: 3/3
  1068 | D:1      | XOM: 7-stop teleportation journey
  1212 | D:1      | XOM: silly message
  1376 | D:1      | XOM: god gift: 970 gold pieces
  1518 | D:1      | XOM: give mutation
  1518 | D:1      | Gained mutation: You are robust. (+10% HP) [Xom's grace]
  1750 | D:2      | XOM: confuse monster(s)
  1760 | D:2      | Reached XP level 4. HP: 27/36 MP: 4/4
  2053 | D:2      | Learned a level 4 spell: Petrify
  2058 | D:2      | XOM is BORED!
  2058 | D:2      | XOM: noise
  2126 | D:2      | XOM: smoke on damage
  2180 | D:2      | Reached skill level 1 in Spellcasting
  2188 | D:2      | Slain by a gnoll

Table legend: (Time is in decaauts)
 A = Elapsed time spent in this place.
 B = Non-inter-level travel time spent in this place.
 C = Inter-level travel time spent in this place.
 D = Time resting spent in this place.
 E = Time spent auto-exploring this place.
 F = Levels seen in this place.
 G = Mean time per level.
                   A        B        C        D        E       F      G
               +--------+--------+--------+--------+--------+-----+--------+
         Total |   2179 |   2144 |     35 |    742 |   1059 |   2 | 1089.5 |
       Dungeon |   2179 |   2144 |     35 |    742 |   1059 |   2 | 1089.5 |
               +--------+--------+--------+--------+--------+-----+--------+

Top non-repeatable levels by time:
     D:1: 1617 daAuts
     D:2: 561 daAuts

Table legend:
 A = Kills in this place as a percentage of kills in entire the game.
 B = Kills by you in this place as a percentage of kills by you in the entire game.
 C = Kills by friends in this place as a percentage of kills by friends in the entire game.
 D = Other kills in this place as a percentage of other kills in the entire game.
 E = Experience gained in this place as a percentage of experience gained in the entire game.
 F = Experience gained in this place divided by the number of levels of this place that you have seen.
                   A       B       C       D       E      F
               +-------+-------+-------+-------+-------+----------------------
         Total | 100.0 | 100.0 |   N/A |   N/A | 100.0 |  73.5
       Dungeon | 100.0 | 100.0 |   N/A |   N/A | 100.0 |  73.5
               +-------+-------+-------+-------+-------+----------------------

Action                   |  1- 3 |  4- 6 || total
-------------------------+-------+-------++-------
Melee: Unarmed           |    84 |    39 ||   123
       Constrict         |    19 |    12 ||    31
       Tentacles         |    12 |     8 ||    20
       Punch             |     4 |       ||     4
  Use: Potion            |       |     1 ||     1
 Stab: Sleeping          |     5 |       ||     5
       Confused          |     1 |       ||     1
Armor: Skin              |    12 |     5 ||    17
Dodge: Dodged            |    59 |    17 ||    76

Vanquished Creatures
  A hound skeleton (D:2)
  2 gnolls (D:2)
  2 adder zombies (D:2)
  An adder skeleton (D:2)
  A dart slug (D:1)
  2 bat skeletons (D:2)
  2 bat zombies (D:2)
  4 endoplasms
  2 giant cockroaches
  6 goblins
  5 hobgoblins
  2 jackals (D:1)
  5 kobolds
  3 quokkas (D:2)
  5 ball pythons (D:1)
  2 ball python zombies (D:2)
  4 bats
  2 frilled lizards
  5 rats
56 creatures vanquished.
